 Dungeon Crawl Stone Soup version 0.31.0-32-g396128a36d (webtiles) character file.

Game seed: 12227825869433798335

4705 Peloso the Carver (level 10, 0/88 HPs)
             Began as a Minotaur Fighter on Mar 23, 2024.
             Slain by a slime creature (12 damage)
             ... in an ice cave.
             The game lasted 00:16:01 (6824 turns).

Peloso the Carver (Minotaur Fighter)                Turns: 6824, Time: 00:16:01

Health: 0/88       AC: 17    Str: 21    XL:     10   Next: 21%
Magic:  9/9        EV: 10    Int:  7    God:
Gold:   418        SH: 11    Dex: 14    Spells: 9/9 levels left

rFire   . . .        a - +1 long sword (venom)
rCold   . . .        d - +0 buckler
rNeg    . . .        c - +0 chain mail
rPois   .            (helmet restricted)
rElec   +            i - +1 cloak {rCorr}
rCorr   +            (no gloves)
SInv    .            (no boots)
Will    +....        k - amulet of the Reasonable God {Reflect Rampage rElec Int+2 SH+5 Stlth-} Stlth
                     m - +4 ring of protection
HPRegen 0.34/turn    n - ring of willpower
MPRegen 0.11/turn

%: reflection, rampage
@: studying Polearms
A: horns 2, retaliatory headbutt
a: no special abilities


You were in an ice cave.
You visited 2 branches of the dungeon, and saw 10 of its levels.
You also visited: Sewer and Ice Cave.

You collected 418 gold pieces.

Inventory:

Hand Weapons
 a - a +1 long sword of venom (weapon)
Armour
 b - a +0 scale mail
 c - a +0 chain mail (worn)
 d - a +0 buckler (worn)
 i - a +1 cloak of preservation (worn)
Jewellery
 k - the amulet of the Reasonable God (around neck) {Reflect Rampage rElec Int+2 SH+5 Stlth-}
   (You found it on level 3 of the Dungeon)

   [amulet of reflection]

   Reflect:   It reflects blocked missile attacks.
   Int+2:     It affects your intelligence (+2).
   rElec:     It insulates you from electricity.
   SH+5:      It affects your SH (+5).
   Rampage:   It bestows one free step when moving towards enemies.
   Stlth-:    It makes you less stealthy.
 m - a +4 ring of protection (left hand)
 n - a ring of willpower (right hand)
Talismans
 u - the maw talisman of Ige Sice {Int+3}
   (You found it on level 4 of the Dungeon)

   [maw talisman]

   Int+3:     It affects your intelligence (+3).
Wands
 g - a wand of digging (2)
 s - a wand of charming (5)
 y - a wand of light (9)
 D - a wand of flame (16)
Scrolls
 e - a scroll of immolation
 f - 5 scrolls of enchant weapon
 h - 6 scrolls of teleportation
 o - 3 scrolls of poison
 t - a scroll of blinking
 v - a scroll of fear
Potions
 j - 3 potions of attraction
 l - a potion of haste
 p - a potion of invisibility
 q - a potion of brilliance
 r - 2 potions of resistance {unknown}
 w - 2 potions of heal wounds
 x - a potion of magic {unknown}
 z - 2 potions of curing {unknown}
 B - a potion of enlightenment {unknown}
 C - 2 potions of mutation {unknown}
 F - 2 potions of might


   Skills:
 + Level 8.3 Fighting
 + Level 11.0 Long Blades
 + Level 8.4 Armour
 + Level 5.2 Dodging
 + Level 1.4 Stealth
 + Level 8.1 Shields
 + Level 0.3 Evocations


You had 9 spell levels left.
You didn't know any spells.
Your spell library contained the following spells:

 Spells                   Type           Power      Damage    Failure   Level
 Sting                    Conj/Alch      0%         1d3       97%         1
 Summon Small Mammal      Summ           0%         N/A       97%         1
 Mercury Vapours          Alch/Air       0%         N/A       99%         2
 Call Canine Familiar     Summ           0%         N/A       100%        3
 Dazzling Flash           Conj/Hex       0%         N/A       100%        3
 Mephitic Cloud           Conj/Alch/Air  0%         N/A       100%        3
 Manifold Assault         Tloc           0%         N/A       100%        4
 Olgreb's Toxic Radiance  Alch           0%         N/A       100%        4
 Summon Blazeheart Golem  Fire/Summ      0%         N/A       100%        4
 Curse of Agony           Necr           0%         N/A       100%        5
 Silence                  Hex/Air        0%         N/A       100%        5
 Dispersal                Tloc           0%         N/A       100%        6
 Disjunction              Tloc           0%         N/A       100%        8


Dungeon Overview and Level Annotations

Branches:
Dungeon (8/15)             Temple (1/1) D:7           Sewer (visited)
  IceCv (1/1)
   Lair: D:8-11

Altars:
Dithmenos
Elyvilon
Fedhas
Hepliaklqana
Kikubaaqudgha
Makhleb
Qazlal
Ru
Trog
Uskayaw
Vehumet
Wu Jian
Xom
Yredelemnul
Zin
The Shining One

Shops:
D:3 =   D:5 :

Annotations:
D:4 1 runed translucent door IceCv exclusion: ice statue


Innate Abilities, Weirdness & Mutations

You have a pair of horns on your head.
You reflexively headbutt those who attack you in melee.


Message History

The slime creature is almost dead.
The slime creature hits you but does no damage.
You slash the slime creature!
You kill the slime creature!
You block the slime creature's attack.
You slash the slime creature! You headbutt the slime creature!
The slime creature is heavily wounded.
You block the slime creature's attack.
You hit the slime creature.
Your headbutt misses the slime creature.
The slime creature is heavily wounded.
The slime creature closely misses you.
The slime creature quivers.
You hit the slime creature. You headbutt the slime creature.
The slime creature is severely wounded.
The slime creature hits you but does no damage.
You slash the slime creature!
The slime creature is almost dead.
The slime creature hits you but does no damage.
You slash the slime creature!
You kill the slime creature!
Your Long Blades skill increases to level 11!
You rampage towards the slime creature!
The slime creature hits you!
* * * LOW HITPOINT WARNING * * *
You slash the slime creature!
The slime creature is lightly wounded.
The slime creature hits you!
* * * LOW HITPOINT WARNING * * *
You barely miss the slime creature. You headbutt the slime creature!
The slime creature is moderately wounded.
The slime creature hits you but does no damage.
You hit the slime creature.
The slime creature is moderately wounded.
The slime creature hits you.
* * * LOW HITPOINT WARNING * * *
You hit the slime creature but do no damage.
The slime creature is poisoned.
The slime creature is moderately wounded.
The slime creature hits you!
You die...

#...# ##..#
#..##$:# #..#.[[
##.##..# #..##..
### #..#..#
##.####J##.8
#...##.@#..#
#∩∩.....#..##
#...##..#...#..##
##.####.##..##..#
### #..#..##..##
#..##.##...#..
##..#..#.....
#..#....#
#..##...#


You could see a slime creature (poisoned).

Vanquished Creatures
  Joseph (D:8)
  A gargoyle (D:6)
  Prince Ribbit (D:8)
  2 hornets
  5 slime creatures (IceCv)
  Sigmund (D:4)
  Edmund (D:4)
  An acid dragon (D:11)
  3 great orb of eyes simulacra (IceCv)
  A black bear (D:4)
  A sky beast (D:6)
  A centaur (D:6)
  A slime creature simulacrum (IceCv)
  Blork the orc (D:4)
  A bullfrog (D:8)
  A kobold brigand (D:7)
  A scorpion (D:6)
  2 brain worms (Sewer)
  A glowing shapeshifter simulacrum (IceCv)
  5 killer bees (D:7)
  2 howler monkeys (D:6)
  4 hounds
  5 orc priests
  2 iguanas
  3 orc wizards (D:7)
  2 shapeshifter simulacra (IceCv)
  Robin (D:2)
  A gnoll (D:5)
  14 adders
  4 river rats (Sewer)
  A shadow imp (D:5)
  13 white imps
  6 ufetubi
  2 dart slugs
  15 orcs
  5 bats
  9 endoplasms
  5 giant cockroaches
  8 hobgoblins
  4 jackals (D:2)
  14 kobolds
  4 quokkas
  11 ball pythons
  7 frilled lizards
  17 goblins
  A kobold zombie (D:4)
  4 rats
196 creatures vanquished.

Notes
Turn   | Place    | Note
-------+----------+-------------------------------------------
     0 | D:1      | Peloso the Minotaur Fighter began the quest for the Orb.
     0 | D:1      | Reached XP level 1. HP: 19/19 MP: 0/0
   207 | D:1      | Reached XP level 2. HP: 26/27 MP: 1/1
   894 | D:2      | Reached skill level 3 in Long Blades
   894 | D:2      | Reached XP level 3. HP: 28/33 MP: 2/2
  1088 | D:2      | Noticed Robin
  1095 | D:2      | Reached XP level 4. HP: 41/41 MP: 3/3
  1105 | D:2      | Killed Robin
  1264 | D:2      | Reached skill level 4 in Long Blades
  1811 | D:3      | Reached XP level 5. HP: 36/47 MP: 4/4
  1816 | D:3      | Identified the amulet of the Reasonable God {Reflect
                  | Rampage rElec Int+2 SH+5 Stlth-}
  2080 | D:3      | Found Odoilog's Jewellery Emporium.
  2306 | D:4      | Found a runed translucent door.
  2307 | D:4      | Noticed a human
  2308 | D:4      | Found a basalt altar of Yredelemnul.
  2326 | D:4      | Noticed Sigmund
  2351 | D:4      | Killed Sigmund
  2352 | D:4      | Reached skill level 5 in Long Blades
  2352 | D:4      | Reached skill level 5 in Armour
  2352 | D:4      | Reached XP level 6. HP: 35/55 MP: 5/5
  2360 | D:4      | Noticed Blork the orc
  2365 | D:4      | Killed Blork the orc
  2366 | D:4      | Reached skill level 1 in Dodging
  2398 | D:4      | Reached skill level 5 in Fighting
  2518 | D:4      | Found a glowing drain.
  2527 | Sewer    | Entered a sewer
  2616 | Sewer    | Reached skill level 6 in Long Blades
  2634 | Sewer    | Reached XP level 7. HP: 48/61 MP: 6/6
  3087 | D:4      | Noticed Edmund
  3101 | D:4      | Killed Edmund
  3294 | D:4      | Identified the maw talisman of Ige Sice {Int+3}
  3351 | D:4      | Reached skill level 7 in Long Blades
  3351 | D:4      | Reached skill level 5 in Shields
  3694 | D:5      | Entered Level 5 of the Dungeon
  4064 | D:5      | Found Zoribofec's Book Emporium.
  4128 | D:6      | Reached XP level 8. HP: 69/69 MP: 7/7
  4455 | D:6      | Reached skill level 1 in Stealth
  4540 | D:6      | Noticed a gargoyle
  4547 | D:6      | Killed a gargoyle
  4548 | D:6      | Reached skill level 8 in Long Blades
  4810 | D:7      | Noticed a hornet
  4816 | D:7      | Paralysed by a hornet for 1 turns
  4819 | D:7      | Killed a hornet
  4937 | D:7      | Found a staircase to the Ecumenical Temple.
  4968 | Temple   | Entered the Ecumenical Temple
  5032 | D:7      | Reached XP level 9. HP: 74/78 MP: 8/8
  5631 | D:8      | Noticed Prince Ribbit
  5639 | D:8      | Killed Prince Ribbit
  5640 | D:8      | Reached skill level 9 in Long Blades
  5712 | D:8      | Noticed Joseph
  5724 | D:8      | Killed Joseph
  5996 | D:8      | Reached skill level 5 in Dodging
  6052 | D:8      | You fall into a shaft and drop 3 floors!
  6070 | D:11     | Found a frozen archway.
  6083 | D:11     | Reached skill level 10 in Long Blades
  6138 | IceCv    | Entered an ice cave
  6522 | IceCv    | Reached XP level 10. HP: 88/88 MP: 9/9
  6732 | IceCv    | Noticed an ice statue
  6817 | IceCv    | Reached skill level 11 in Long Blades
  6824 | IceCv    | Slain by a slime creature

Illustrated notes

Levels and vault maps discovered:
D:1:      mushboom_english_gardens, layout_basic, corner_web_ring,
          minmay_misc_feat_cross, grunt_decor_clamped
D:2:      layout_basic, nicolae_eternal_life, uniq_robin
D:3:      layout_rooms, serial_shops, nicolae_shop_behind_doors
D:4:      cheibrodos_helix_gallery, layout_loops_ring, dk_yredelemnul_ordeal,
          portal_sewer_entry_d, uniq_blork_the_orc, uniq_sigmund, uniq_edmund
D:5:      layout_cave_pools, serial_shops, kennysheep_mini, cheibrodos_gnoll_hut
D:6:      layout_loops_ring
D:7:      layout_loops_ring, minmay_temple_entry_butterflies
D:8:      layout_loops_cross, uniq_joseph, uniq_prince_ribbit1
D:11:     layout_roguey, erik_lair_orcish_takeover, portal_ice_cave_entry_imps
Temple:   nicolae_temple_no_exploring_needed
IceCv:    ice_cave_hellmonk_azure_passage

Skill      XL: |  1  2  3  4  5  6  7  8  9 10 |
---------------+-------------------------------+-----
Armour         | 4 5 6 7 8 |  8.4
Fighting       | 4 5 6 7 8 |  8.3
Long Blades    | 3 4 5 6 7 8 10 11 | 11.0
Shields        | 4 5 7 8 |  8.1
Dodging        | 1 2 3 5 |  5.2
Stealth        | 1 |  1.4
Evocations     | |  0.3

Action                     |  1- 3 |  4- 6 |  7- 9 | 10-12 || total
---------------------------+-------+-------+-------+-------++-------
  Melee: Long sword        |    83 |   138 |   332 |    52 ||   605
         Headbutt          |     6 |    24 |    69 |    12 ||   111
  Evoke: Wand              |       |       |     3 |     2 ||     5
    Use: Scroll            |     5 |     4 |     8 |       ||    17
         Potion            |       |       |     1 |     1 ||     2
 Armour: Scale mail        |    71 |    82 |   142 |       ||   295
         Skin              |       |       |    33 |       ||    33
         Chain mail        |       |       |    33 |    32 ||    65
  Dodge: Dodged            |    44 |    69 |   107 |    10 ||   230
  Block: Buckler           |    35 |    60 |   175 |    16 ||   286
         Reflection        |       |       |     7 |       ||     7
